 Dungeon Crawl Stone Soup version 0.23.2-1-ga50397a (webtiles) character file.

Game seed: 12472352292381401750

333 dvd the Covered (level 6, -5/47 HPs)
             Began as a Mummy Fighter on May 9, 2019.
             Was an Initiate of Gozag.
             Slain by an ogre
             ... wielding a +0 giant spiked club
              (17 damage)
             ... on level 4 of the Dungeon.
             The game lasted 00:06:11 (3700 turns).

dvd the Covered (Mummy Fighter)                     Turns: 3700, Time: 00:06:12

Health: -5/47      AC: 17    Str: 20    XL:     6   Next: 27%
Magic:  6/6        EV:  0    Int:  8    God:    Gozag
Gold:   196        SH:  9    Dex: 12    Spells: 5/5 levels left

rFire    x . .     SeeInvis .   a - +0 war axe
rCold    + . .     Gourm    .   c - +0 shield
rNeg     + + +     Faith    .   k - +0 crystal plate armour
rPois    ∞         Spirit   .   (no helmet)
rElec    .         Reflect  .   (no cloak)
rCorr    .         Harm     .   (no gloves)
MR       .....                  o - +0 pair of boots
Stlth    ..........             (no amulet)
HPRegen  0.15/turn              f - ring of attention (curse)
MPRegen  0.10/turn              (no ring)

@: no status effects
A: no food or potions, fire vulnerability, cold resistance 1, negative energy
resistance 3, torment resistance, unbreathing
a: Potion Petition, Call Merchant, Bribe Branch, Renounce Religion


You were on level 4 of the Dungeon.
You worshipped Gozag.
Gozag was aware of your devotion.
You were not hungry.

You visited 1 branch of the dungeon, and saw 4 of its levels.

You collected 241 gold pieces.
You paid 45 gold pieces to Gozag.

Inventory:

Hand Weapons
 a - a +0 war axe (weapon)
Missiles
 l - 6 tomahawks (quivered)
Armour
 b - a +0 scale mail
 c - a +0 shield (worn)
 k - a +0 crystal plate armour (worn)
 o - a +0 pair of boots (worn)
Jewellery
 f - a cursed ring of attention (left hand)
Wands
 h - a wand of paralysis (2)
 n - a wand of random effects (16)
Scrolls
 d - 3 scrolls of identify {unknown}
 e - a scroll of teleportation {unknown}
 g - a scroll of random uselessness {unknown}
 i - 3 scrolls of remove curse {unknown}
 j - a scroll of enchant weapon {unknown}
 m - a scroll of magic mapping {unknown}
 p - a scroll of fear {unknown}


   Skills:
 + Level 3.4 Fighting
 + Level 3.5 Axes
 + Level 0.3 Throwing
 * Level 3.9 Armour
 + Level 0.3 Dodging
 + Level 3.3 Shields


You had 5 spell levels left.
You didn't know any spells.
Your spell library was empty.

Dungeon Overview and Level Annotations

Branches:
Dungeon (4/15)
 Temple: D:4-7

Altars:
Gozag
Yredelemnul


Innate Abilities, Weirdness & Mutations

You do not eat or drink.
Your flesh is vulnerable to fire.
You are immune to poison.
Your flesh is cold resistant. (rC+)
You are immune to negative energy. (rN+++)
You are immune to unholy pain and torment.
You can survive without breathing.


Message History

The ogre is moderately wounded.
You hit the ogre.
The ogre is heavily wounded.
The ogre hits you with a +0 giant spiked club.
You hit the ogre.
The ogre is severely wounded.
The ogre hits you with a +0 giant spiked club!
You hit the ogre.
The ogre is almost dead.
The ogre hits you with a +0 giant spiked club!
You hit the ogre but do no damage.
The ogre is almost dead.
The ogre hits you with a +0 giant spiked club!
* * * LOW HITPOINT WARNING * * *
You hit the ogre but do no damage.
The ogre is almost dead.
You hear the quick rusting of a very distant drain.
The ogre hits you with a +0 giant spiked club!
You die...
Your body crumbles into a pile of gold.

########## #......... ##### ###
######.######## .... $ ..#
#....#.#....... ..# #.#
#.##.#....####. ..# #.#
#.##.#.._....#.
..########.########.##.#.....#.#.
...........(..(O@...........>..#.
..######............##.#.#.#...#.
#.<# #.#.###########.#.#+#..<#.
#..# #.#........ ..#..<..#.#.
#..# #.######### ####.....+...
#..#####.# #.....#..# .........#
##+#......# ........##
#.........# .........#
##########...#####.#


You could see an ogre.

Vanquished Creatures
  An ogre (D:3)
  Jessica (D:3)
  An orc wizard (D:3)
  A worker ant (D:4)
  Terence (D:3)
  A hound skeleton (D:4)
  A gnoll (D:3)
  5 adders
  2 oozes (D:4)
  A worm (D:2)
  2 dart slugs
  2 leopard geckos
  8 orcs
  3 ball pythons
  3 giant cockroaches
  3 goblins
  5 hobgoblins
  4 quokkas
  4 bats
  6 frilled lizards
  5 kobolds
  A leopard gecko skeleton (D:4)
  5 rats
66 creatures vanquished.

Notes
Turn   | Place    | Note
-------+----------+-------------------------------------------
     0 | D:1      | dvd the Mummy Fighter began the quest for the Orb.
     0 | D:1      | Reached XP level 1. HP: 18/18 MP: 1/1
   397 | D:1      | Reached XP level 2. HP: 21/24 MP: 2/2
   547 | D:1      | You fall through a shaft!
   697 | D:2      | Reached XP level 3. HP: 26/29 MP: 3/3
  1727 | D:3      | Reached XP level 4. HP: 5/35 MP: 4/4
  2028 | D:3      | Noticed an ogre
  2077 | D:3      | Noticed Terence
  2252 | D:3      | Killed Terence
  2757 | D:3      | Reached XP level 5. HP: 19/41 MP: 5/5
  2995 | D:3      | Noticed Jessica
  3000 | D:3      | Killed Jessica
  3029 | D:3      | Killed an ogre
  3029 | D:3      | Reached XP level 6. HP: 27/47 MP: 6/6
  3320 | D:4      | Found an opulent altar of Gozag.
  3325 | D:4      | Became a worshipper of Gozag Ym Sagoz the Greedy
  3520 | D:4      | Found a basalt altar of Yredelemnul.
  3700 | D:4      | Slain by an ogre

Skill      XL: |  1  2  3  4  5 |
---------------+----------------+-----
Armour         | 3 |  3.9
Axes           | 2 3 |  3.5
Shields        | 3 |  3.3
Fighting       | |  3.4
Throwing       | |  0.3
Dodging        | |  0.3

Action                   |  1- 3 |  4- 6 || total
-------------------------+-------+-------++-------
Melee: War axe           |   209 |   156 ||   365
Throw: Tomahawk          |       |    12 ||    12
Armor: Scale mail        |    30 |    22 ||    52
       Crystal plate arm |   109 |   108 ||   217
Dodge: Dodged            |    27 |    18 ||    45
Block: Shield            |   137 |    78 ||   215
